 Dungeon Crawl Stone Soup version 0.27.0-1-g7a089689b8 (webtiles) character file.

Game seed: 303347430047070960

25 ZARRMARR the Sneak (level 3, 0/30 HPs)
             Began as a Hill Orc Brigand on Aug 8, 2021.
             Slain by a dart slug (2 damage)
             ... on level 1 of the Dungeon.
             The game lasted 00:06:18 (1005 turns).

ZARRMARR the Sneak (Hill Orc Brigand)               Turns: 1005, Time: 00:06:18

Health: 0/30       AC:  3    Str: 13    XL:     3   Next: 6%
Magic:  3/3        EV: 11    Int: 11    God:
Gold:   40         SH:  0    Dex: 13    Spells: 2/2 levels left

rFire    . . .     SeeInvis .   a - +2 dagger
rCold    . . .     Faith    .   (no shield)
rNeg     . . .     Spirit   .   b - +0 robe
rPois    .         Reflect  .   (no helmet)
rElec    .         Harm     .   c - +0 cloak
rCorr    .         Rampage  .   (no gloves)
Will     .....                  (no boots)
Stlth    ++........             (no amulet)
HPRegen  0.10/turn              (no ring)
MPRegen  0.08/turn              (no ring)

@: no status effects
A: no striking features
a: no special abilities


You were on level 1 of the Dungeon.
You visited 1 branch of the dungeon, and saw 2 of its levels.

You collected 40 gold pieces.

Inventory:

Hand Weapons
 a - a +2 dagger (weapon)
Missiles
 d - 6 poisoned darts (quivered)
 e - 2 curare-tipped darts
 g - 23 stones
Armour
 b - a +0 robe (worn)
 c - a +0 cloak (worn)
Scrolls
 h - a scroll of teleportation
 k - a scroll of silence {unknown}
Potions
 i - a potion of curing {unknown}


   Skills:
 + Level 2.5 Fighting
 + Level 2.2 Short Blades
 + Level 2.0 Throwing
 + Level 0.9 Dodging
 + Level 3.8 Stealth


You had 2 spell levels left.
You didn't know any spells.
Your spell library contained the following spells:

 Spells                   Type           Power      Damage    Failure   Level
 Gell's Gravitas          Tloc           0%         N/A       71%         3
 Teleport Other           Tloc           0%         N/A       71%         3
 Dispersal                Tloc           0%         N/A       100%        6


Dungeon Overview and Level Annotations

Branches:
Dungeon (2/15)

Altars:

Shops:
D:1 !


Message History

You feel sick. The adder barely misses you.
You hit the adder.
The adder is severely wounded.
You feel sick. The adder bites you.
You are more poisoned.
The adder poisons you!
You closely miss the adder.
The adder is severely wounded.
You feel sick. The adder barely misses you.
You hit the adder.
You kill the adder!
You feel sick.
Your Throwing skill increases to level 2!
You have reached level 3!
Your experience leads to an increase in your attributes!
Increase (S)trength, (I)ntelligence, or (D)exterity?
You feel agile.
Blink to where?
Press: ? - help, Dir - move target
As you read the scroll of blinking, it crumbles to dust.
You feel sick.
Found 14 gold pieces.
You feel sick.
The dart slug bites you but does no damage.
There is a stone staircase leading up here.
You feel sick.
The dart slug bites you but does no damage.
You climb upwards.
You feel sick.
There is a stone staircase leading down here.
You completely miss the dart slug.
You feel sick.
You hit the dart slug.
The dart slug is heavily wounded.
You feel sick.
You are no longer poisoned.
The dart slug bites you.
* * * LOW HITPOINT WARNING * * *
You hit the dart slug.
The dart slug is severely wounded.
The dart slug bites you.
You die...

#∩# #............##
#.# ###########...#
#.####### #...#.#
#.......# #.#...#
#.#####.# #.#####
#.#####.###### #.#
#............# #.#
#.#####.####.####.#
#.#####.# #...w@.#
#.......# ########
#########


You could see a dart slug.

Vanquished Creatures
  An adder (D:2)
  2 bats
  2 endoplasms (D:1)
  2 hobgoblins (D:1)
  A jackal (D:1)
  2 quokkas (D:1)
  2 frilled lizards (D:1)
  A kobold (D:1)
  3 rats (D:1)
16 creatures vanquished.

Notes
Turn   | Place    | Note
-------+----------+-------------------------------------------
     0 | D:1      | ZARRMARR the Hill Orc Brigand began the quest for the Orb.
     0 | D:1      | Reached XP level 1. HP: 18/18 MP: 1/1
   375 | D:1      | Reached XP level 2. HP: 25/25 MP: 2/2
   403 | D:1      | Found Bayhefe's Distillery.
   999 | D:2      | Reached XP level 3. HP: 9/30 MP: 3/3
  1005 | D:1      | Slain by a dart slug

Illustrated notes

Levels and vault maps discovered:
D:1:      dpeg_arrival_rooms_with_view, layout_loops_cross, serial_shops, shop,
          minmay_bisected
D:2:      minmay_diamond_boxcup, layout_loops_ring, serial_forest,
          infiniplex_forest_clump_tiny, infiniplex_forest_fountain,
          infiniplex_forest_zigzag_2, infiniplex_forest_straight_1,
          infiniplex_forest_clump_small, infiniplex_forest_clump_diagonal,
          ebering_ecumenical_altar_mist, uniq_jessica

Skill      XL: |  1  2 |
---------------+-------+-----
Throwing       | 2 |  2.0
Fighting       | |  2.5
Short Blades   | |  2.2
Dodging        | |  0.9
Stealth        | |  3.8

Action                   || total
-------------------------++-------
Melee: Dagger            ||    50
Throw: Dart              ||    19
       Stone             ||     1
  Use: Scroll            ||     5
       Potion            ||     1
 Stab: Sleeping          ||     2
       Distracted        ||     1
Armor: Robe              ||    19
Dodge: Dodged            ||    51
